 Dungeon Crawl Stone Soup version 0.26.1-2-gb8aa6d0cf2 (webtiles) character file.

Game seed: 3501397771583794595

2187337 ew1980 the Slayer (level 27, 271/271 HPs)
             Began as a Minotaur Abyssal Knight on Feb 14, 2021.
             Was the Champion of Lugonu.
             Escaped with the Orb
             ... and 4 runes!
             The game lasted 04:00:24 (83581 turns).

ew1980 the Slayer (Minotaur Abyssal Knight)        Turns: 83581, Time: 04:00:24

Health: 271/271    AC: 44    Str: 39      XL:     27
Magic:  35/35      EV: 18    Int:  9      God:    Lugonu [******]
Gold:   3720       SH: 35    Dex: 11 (12) Spells: 26/26 levels left

rFire    + + .     SeeInvis +   a - +11 broad axe of Calculation {vorpal, Str+4}
rCold    + . .     Faith    .   J - +2 tower shield {AC+3}
rNeg     + + +     Spirit   .   E - +0 gold dragon scales
rPois    +         Reflect  +   d - +2 hat
rElec    +         Harm     .   x - scarf {rC+ rF+}
rCorr    +         Rampage  .   s - +2 pair of gloves {Str+3}
Will     ++++.     Rnd*Rage +   I - +2 pair of boots {Fly}
Stlth    ..........             n - amulet "Rueqaem" {Reflect rElec rC- rN+++ Will+ SH+5 SInv}
HPRegen  0.00/turn              W - ring "Uzieryur" {rN+ Will+ rCorr}
MPRegen  0.24/turn              R - ring "Weawuul" {rElec Str+6 Dex+2}

@: flying
A: retaliatory headbutt, hooves 1, horns 2, icy blue scales 1, yellow scales 1,
camouflage 1, berserk 1, blurry vision 2, clumsy 2, deterioration 1, inhibited
regeneration, evolution 1, subdued magic 1, MP-powered wands
0: Orb of Zot
}: 4/15 runes: serpentine, barnacled, slimy, abyssal
a: Stop Flying, Renounce Religion, Depart the Abyss, Bend Space, Banish,
Corrupt, Enter the Abyss, Brand Weapon With Distortion


You escaped.
You worshipped Lugonu.
Lugonu was exalted by your worship.
You visited 11 branches of the dungeon, and saw 54 of its levels.
You visited the Abyss 4 times.
You visited 1 bazaar.
You also visited: Trove, Bailey, Ice Cave, Wizlab and Desolation.

You collected 8887 gold pieces.
You spent 5167 gold pieces at shops.

Inventory:

Hand Weapons
 a - the +11 broad axe of Calculation (weapon) {vorpal, Str+4}
   (You found it on level 3 of the Lair of Beasts)

   It inflicts extra damage upon your enemies.
   It affects your strength (+4).
 j - a +9 demon whip of electrocution
Missiles
 A - 34 silver javelins (quivered)
 K - 14 curare-tipped darts
Armour
 d - a +2 hat (worn)
 s - a +2 pair of gloves of strength (worn)
 x - a scarf of resistance (worn)
 E - +0 gold dragon scales (worn)
 I - a +2 pair of boots of flying (worn)
 J - a +2 tower shield of protection (worn)
Jewellery
 k - an uncursed ring of protection from cold
 n - the amulet "Rueqaem" (around neck) {Reflect rElec rC- rN+++ Will+ SH+5 SInv}
   (You bought it in a shop in a bazaar)

   [amulet of reflection]

   It shields you and reflects attacks.
   It makes you vulnerable to cold.
   It insulates you from electricity.
   It renders you almost immune to negative energy.
   It affects your willpower, your defense against some magical effects.
   It lets you see invisible.
   It affects your SH (+5).
 C - the ring of the Fiend {+Fly rF++ Will+ AC+4 Str-4}
   (You took it off a tengu reaver on level 4 of the Depths)

   [ring of protection]

   It affects your AC (+4).
   It affects your strength (-4).
   It greatly protects you from fire.
   It affects your willpower, your defense against some magical effects.
   It lets you fly.
 R - the ring "Weawuul" (right hand) {rElec Str+6 Dex+2}
   (You found it in the Desolation of Salt)

   [ring of strength]

   It affects your strength (+6).
   It affects your dexterity (+2).
   It insulates you from electricity.
 W - the ring "Uzieryur" (left hand) {rN+ Will+ rCorr}
   (You found it in an ice cave)

   [ring of resist corrosion]

   It protects you from negative energy.
   It affects your willpower, your defense against some magical effects.
   It provides partial protection from all sources of acid and corrosion.
Wands
 f - a wand of random effects (12)
 t - a wand of iceblast (26)
 u - a wand of disintegration (62)
 v - a wand of digging (18)
 w - a wand of paralysis (62)
 D - a wand of polymorph (6)
 U - a wand of acid (37)
Scrolls
 b - a scroll of enchant armour
 g - 4 scrolls of teleportation
 h - 3 scrolls of magic mapping
 i - 4 scrolls of amnesia
 l - 29 scrolls of remove curse
 m - 9 scrolls of blinking
 p - 5 scrolls of enchant weapon
 r - a scroll of immolation
 B - 12 scrolls of identify
 G - 8 scrolls of fog
 H - 7 scrolls of fear
 L - a scroll of holy word
 P - 4 scrolls of summoning
Potions
 c - 20 potions of curing
 e - 14 potions of lignification
 o - 4 potions of ambrosia
 q - a potion of brilliance
 y - 5 potions of cancellation
 z - 6 potions of might
 F - 9 potions of resistance
 N - 9 potions of heal wounds
 O - 7 potions of berserk rage
 S - 5 potions of invisibility
 X - 10 potions of haste


   Skills:
 + Level 26.9 Fighting
 - Level 20.0 Axes
 + Level 26.8 Armour
 + Level 20.8 Dodging
 - Level 25.0 Shields
 + Level 19.8 Invocations
 - Level 10.0 Evocations


You had 26 spell levels left.
You didn't know any spells.
Your spell library contained the following spells:

 Spells                   Type           Power        Failure   Level
 Animate Skeleton         Necr           0%           80%         1
 Apportation              Tloc           0%           80%         1
 Corona                   Hex            0%           80%         1
 Foxfire                  Conj/Fire      0%           80%         1
 Freeze                   Ice            0%           80%         1
 Magic Dart               Conj           0%           80%         1
 Pain                     Necr           0%           80%         1
 Summon Small Mammal      Summ           0%           80%         1
 Blink                    Tloc           N/A          90%         2
 Call Imp                 Summ           0%           90%         2
 Corpse Rot               Necr/Air       N/A          90%         2
 Passwall                 Tmut/Erth      0%           90%         2
 Poisonous Vapours        Pois/Air       0%           90%         2
 Slow                     Hex            0%           90%         2
 Sublimation of Blood     Necr           0%           90%         2
 Swiftness                Air            0%           90%         2
 Call Canine Familiar     Summ           0%           99%         3
 Confusing Touch          Hex            0%           99%         3
 Conjure Flame            Conj/Fire      0%           99%         3
 Frozen Ramparts          Ice            0%           99%         3
 Gell's Gravitas          Tloc           0%           99%         3
 Ignite Poison            Fire/Tmut/Pois 0%           99%         3
 Inner Flame              Hex/Fire       0%           99%         3
 Mephitic Cloud           Conj/Pois/Air  0%           99%         3
 Ozocubu's Armour         Ice            0%           99%         3
 Portal Projectile        Hex/Tloc       0%           99%         3
 Summon Guardian Golem    Hex/Summ       0%           99%         3
 Teleport Other           Tloc           0%           99%         3
 Tukima's Dance           Hex            0%           99%         3
 Vampiric Draining        Necr           0%           99%         3
 Animate Dead             Necr           0%           100%        4
 Cause Fear               Hex            0%           100%        4
 Dispel Undead            Necr           0%           100%        4
 Fulminant Prism          Conj/Hex       0%           100%        4
 Hailstorm                Conj/Ice       0%           100%        4
 Ice Form                 Ice/Tmut       0%           100%        4
 Leda's Liquefaction      Hex/Erth       0%           100%        4
 Passage of Golubria      Tloc           N/A          100%        4
 Petrify                  Tmut/Erth      0%           100%        4
 Sticky Flame             Conj/Fire      0%           100%        4
 Summon Ice Beast         Ice/Summ       0%           100%        4
 Summon Lightning Spire   Summ/Air       0%           100%        4
 Agony                    Necr           0%           100%        5
 Alistair's Intoxication  Tmut/Pois      0%           100%        5
 Bolt of Magma            Conj/Fire/Erth 0%           100%        5
 Borgnjor's Vile Clutch   Necr/Erth      0%           100%        5
 Excruciating Wounds      Necr           0%           100%        5
 Fireball                 Conj/Fire      0%           100%        5
 Irradiate                Conj/Tmut      0%           100%        5
 Iskenderun's Battlesphe  Conj           0%           100%        5
 Lee's Rapid Deconstruct  Erth           0%           100%        5
 Metabolic Englaciation   Hex/Ice        0%           100%        5
 Silence                  Hex/Air        0%           100%        5
 Summon Demon             Summ           0%           100%        5
 Yara's Violent Unravell  Hex/Tmut       0%           100%        5
 Death Channel            Necr           0%           100%        6
 Eringya's Noxious Bog    Tmut/Pois      0%           100%        6
 Freezing Cloud           Conj/Ice/Air   0%           100%        6
 Hydra Form               Tmut           0%           100%        6
 Invisibility             Hex            0%           100%        6
 Iron Shot                Conj/Erth      0%           100%        6
 Ozocubu's Refrigeration  Ice            0%           100%        6
 Simulacrum               Ice/Necr       0%           100%        6
 Starburst                Conj/Fire      0%           100%        6
 Statue Form              Tmut/Erth      0%           100%        6
 Dragon Form              Tmut           0%           100%        7
 Malign Gateway           Summ/Tloc      0%           100%        7
 Orb of Destruction       Conj           0%           100%        7
 Spellforged Servitor     Conj/Summ      0%           100%        7
 Discord                  Hex            0%           100%        8
 Disjunction              Tloc           0%           100%        8
 Ignition                 Fire           0%           100%        8
 Lehudib's Crystal Spear  Conj/Erth      0%           100%        8
 Shatter                  Erth           0%           100%        9


Dungeon Overview and Level Annotations

Branches:
Dungeon (15/15)            Temple (1/1) D:4            Lair (6/6) D:10
 Shoals (4/4) Lair:3        Snake (4/4) Lair:4        Slime (5/5) Lair:5
    Orc (2/2) D:11            Elf (3/3) Orc:2        Vaults (4/5) D:13
  Crypt (0/3) Vaults:3     Depths (5/5) D:15            Zot (5/5) Depths:5
 Bailey (visited)           IceCv (visited)          WizLab (visited)
Desolation (visited)

Altars:
Ashenzari
Cheibriados
Dithmenos
Elyvilon
Fedhas
Gozag
Hepliaklqana
Kikubaaqudgha
Makhleb
Nemelex Xobeh
Okawaru
Qazlal
Ru
Sif Muna
Trog
Uskayaw
Vehumet
Wu Jian
Xom
Yredelemnul
Zin
The Shining One
Beogh

Shops:
D:14 [   Orc:2 ((**(   Snake:1 *   Vaults:3 ?   Vaults:4 (   Depths:1 [([}*
Depths:2 [[((

Portals:
Hell: Depths:1 Depths:2 Depths:3 Depths:4 Depths:5
Abyss: Depths:4 Depths:5
Pandemonium: Depths:1 Depths:3
Ziggurat: Depths:2

Annotations:
Depths:5 2 transporters, exclusion: obsidian statue, WeeknightWizard's ghost, veteran DEFE; Xaggyof's ghost, veteran MiFi
Zot:1 1 transporter


Innate Abilities, Weirdness & Mutations

You reflexively headbutt those who attack you in melee.
You have a pair of horns on your head.
You have large cloven feet.
You are partially covered in icy blue scales. (AC +2)
You are partially covered in yellow scales. (AC +2)
Your skin changes colour to match your surroundings (Stealth+).
You tend to lose your temper in combat.
Scrolls take you longer to read.
You are very clumsy. (Dex -4)
Your body sometimes deteriorates upon taking damage.
You do not regenerate when monsters are visible.
You evolve.
Your spells are a little easier to cast, but a little less powerful.
You expend magic power (3 MP) to strengthen your wands.


Message History

You see here a +0 dagger.
There is a stone staircase leading up here.
You fly upwards.
There is a stone staircase leading down, spattered with blood here.
You see here a +0 club.
Aiming: Dig
Press: ? - help, Shift-Dir - straight line A rock wall.
This square is covered in magical glow.
You feel a surge of power!
The rock shatters into small pieces.
Aiming: Dig
Press: ? - help, Shift-Dir - straight line This square is covered in magical glow.
You feel a surge of power!
The rock shatters into small pieces.
An efreet comes into view.
It is wielding a +4 scimitar of flaming.
The efreet moves out of view.
A lorocyproca comes into view.
The lorocyproca gives a chilling moan.
There is a staircase leading out of the dungeon here.
You have escaped!

#..⌠..##..####..#
##...###..###...#
##### ##.##.....
##...2#.. ### ###.###.
#.# ### ##'## ##
#.######.## #'## #
#.##...#..#####..#####
#.#..@.....2R#...##.#.
#.#.....###..☼.#...###
#.##...## ##.######...
#.###### ### ##.. #.#
########## #### #.#
#........#####.#. #.#
##............... #.#
#..........###..
#.######.......#.# #..


You could see a lorocyproca (invisible) and an efreet.

Vanquished Creatures
  the Royal Jelly (Slime:5)
  6 ancient liches
  6 orbs of fire
  A juggernaut (Depths:2)
  4 caustic shrikes
  Margery (Depths:4)
  4 Killer Klowns
  Xtahua (Depths:4)
  A profane servitor (Abyss:1)
  the Enchantress (Depths:1)
  8 golden dragons
  2 bone dragons (Abyss:1)
  2 electric golems
  23 tentacled monstrosities
  An Ice Fiend (D:10)
  25 Orb Guardians
  Rupert (Lair:6)
  A moon troll (WizLab)
  A deep elf blademaster (Elf:3)
  2 titans
  8 liches
  17 acid blobs
  2 deep elf master archers (Elf:3)
  The ghost of Loidof the Severer, an adept MiFi of Okawaru (Shoals:3)
  6 quicksilver dragons
  15 tentacled starspawn
  7 death cobs
  An Executioner (Depths:1)
  Kirke (Lair:6)
  7 sphinxes
  Roxanne (Shoals:1)
  6 tengu reavers
  6 shadow dragons
  2 daevas
  15 azure jellies
  8 draconian monks
  19 storm dragons
  10 nagarajas (Snake:4)
  2 iron dragons (Depths:4)
  Donald (Snake:4)
  10 vault wardens
  10 deep elf sorcerers
  A draconian scorcher (Zot:3)
  14 fire giants
  7 draconian knights
  2 orc warlords
  5 ghost moths
  A balrug (Depths:3)
  Louise (Shoals:4)
  12 frost giants
  4 draconian shifters
  3 cacodemons
  3 draconian stormcallers
  Aizul (Shoals:4)
  3 imperial myrmidons (Desolation)
  8 spriggan defenders
  9 draconian annihilators
  A war gargoyle (WizLab)
  6 deep elf elementalists
  23 stone giants
  17 very ugly things
  10 ironheart preservers
  9 green draconians
  12 deep elf annihilators
  4 vampire knights
  4 deep elf demonologists
  2 halazid warlocks (Desolation)
  14 yellow draconians
  14 white draconians
  2 entropy weavers (Vaults:4)
  14 purple draconians
  11 black draconians
  8 red draconians
  A lorocyproca (D:10)
  6 spark wasps
  3 crystal guardians
  5 merfolk javelineers
  5 deep elf death magi
  6 death oozes (Slime:5)
  11 yaktaur captains
  13 ettins
  A green death (Depths:1)
  5 ragged hierophants
  9 merfolk impalers
  8 ogre magi
  13 great orbs of eyes
  8 servants of whispers
  11 fire dragons
  7 deep elf high priests
  10 ice dragons
  5 peacekeepers (Desolation)
  4 rakshasas
  23 naga warriors
  11 boulder beetles
  Harold (D:11)
  13 hydras
  A hell beast (Depths:5)
  3 spriggan air magi
  A catoblepas (Lair:4)
  2 alligator snapping turtles (Shoals:3)
  7 vault guards
  4 merfolk avatars
  17 anacondas
  17 two-headed ogres
  The ghost of jmmainvi the Unseen, a journeyman SpEn of Gozag (Lair:3)
  14 centaur warriors
  10 merfolk aquamancers
  An alligator (Lair:4)
  2 death knights
  37 dancing weapons
  6 satyrs
  12 tengu warriors
  2 deep troll earth magi
  A hell hog (Abyss:1)
  The ghost of om the Cleaver, a novice MiBe of Trog (D:11)
  9 orc high priests
  11 thrashing horrors
  2 vampire magi
  4 deep troll shamans
  14 naga sharpshooters
  9 shock serpents
  7 spriggan berserkers
  2 storm dragon zombies
  4 soul eaters
  22 hell knights
  5 wretched stars
  2 shadow wraiths
  24 deep elf knights
  A sixfirhy (Abyss:1)
  23 sea snakes
  3 salamander mystics
  A fire crab (Lair:6)
  13 deep trolls
  A kraken simulacrum (Shoals:4)
  An unseen horror (shapeshifter) (Vaults:2)
  15 glowing orange brains
  An orange crystal statue (WizLab)
  17 small abominations
  3 swamp dragons (Lair:4)
  A goliath frog (Lair:4)
  A gelid demonspawn (Depths:1)
  A spatial maelstrom (Abyss:3)
  A spriggan druid (Depths:3)
  6 wizards
  7 naga ritualists
  14 ironbrand convokers
  A flayed ghost (Abyss:3)
  5 unseen horrors
  17 deep elf archers
  9 necromancers
  2 lindwurms (Lair:6)
  A shadow dragon zombie (Abyss:1)
  A stone giant zombie (Abyss:3)
  8 shining eyes
  18 orc knights
  21 harpies
  A harpy (shapeshifter) (Vaults:3)
  10 mana vipers
  2 wolf spider zombies
  4 oklob plants (Lair:5)
  11 large abominations
  3 orc sorcerers
  12 cyclopes
  70 deep elf magi
  2 fire giant zombies
  27 moths of wrath
  A sphinx skeleton (Depths:2)
  32 ugly things
  14 fauns
  15 salamanders
  7 wolf spiders
  16 manticores
  4 elephants
  2 worldbinders (Abyss:3)
  36 black mambas
  An apocalypse crab (Abyss:3)
  Psyche (D:8)
  2 centaur zombies
  18 naga magi
  A water nymph (shapeshifter) (Depths:3)
  3 water nymphs
  7 merfolk sirens
  A frost giant skeleton (Depths:2)
  A black mamba (shapeshifter) (Vaults:4)
  9 eyes of devastation
  An elephant (shapeshifter) (Depths:4)
  12 guardian serpents
  2 rust devils
  10 vault sentinels
  7 smoke demons
  2 ice statues (IceCv)
  10 cane toads
  4 molten gargoyles
  5 gargoyles
  An eye of devastation (shapeshifter) (Depths:2)
  2 orange demons
  5 centaur skeletons
  18 komodo dragons
  A rime drake (shapeshifter) (Vaults:3)
  4 kobold demonologists
  4 rime drakes
  A yaktaur skeleton (Depths:1)
  53 yaktaurs
  An ice devil (Depths:3)
  An ancient zyme (Abyss:3)
  8 freezing wraiths
  3 tengu conjurers
  A red devil (Depths:1)
  6 tyrant leeches
  A queen bee (shapeshifter) (D:14)
  A wind drake (shapeshifter) (Vaults:1)
  2 hornets (shapeshifter)
  4 polar bears
  7 trolls
  7 wind drakes
  5 hornets
  A troll (shapeshifter) (Depths:4)
  41 merfolk
  5 raiju
  18 blink frogs
  46 saltlings
  64 slime creatures
  2 raiju (shapeshifter)
  A dream sheep (shapeshifter) (Vaults:4)
  14 dream sheep
  4 air elementals
  10 snapping turtles
  A redback (shapeshifter) (Depths:4)
  4 vampires
  11 water elementals
  8 ynoxinuls
  2 shadows (D:12)
  A tarantella (Vaults:4)
  2 redbacks (Vaults:4)
  8 spriggans
  A fire dragon skeleton (Abyss:1)
  6 wraiths
  A yak (shapeshifter) (Vaults:1)
  55 yaks
  5 basilisks
  3 fire bats (Abyss:1)
  3 fire elementals (Elf:1)
  A hog (Lair:6)
  12 wyverns
  A basilisk (shapeshifter) (Abyss:3)
  13 golden eyes
  5 chaos spawn
  4 steam dragons
  A vampire mosquito (D:12)
  A red draconian simulacrum (Abyss:1)
  6 neqoxecs
  Edmund (D:5)
  A harpy simulacrum (D:15)
  3 swamp worms (Lair:4)
  9 wargs
  67 nagas
  2 acid dragons (D:15)
  4 spatial vortices (Abyss:3)
  20 water moccasins
  Duvessa (D:4)
  3 floating eyes
  8 hell hounds
  22 ice beasts
  2 sky beasts
  A hornet zombie (D:8)
  35 orc warriors
  A black bear (shapeshifter) (D:14)
  2 black bears
  12 eyes of draining
  A phantom (D:9)
  A necrophage (D:9)
  29 wolves
  24 ogres
  26 centaurs
  9 boggarts
  12 big kobolds
  22 bullfrogs
  4 earth elementals
  An elf skeleton (D:9)
  A wyvern zombie (D:13)
  Dowan (D:4)
  2 wyvern skeletons
  A hornet simulacrum (D:15)
  5 scorpions
  22 wights
  5 killer bees (D:8)
  An orc simulacrum (Vaults:1)
  5 howler monkeys
  A howler monkey (shapeshifter) (Elf:2)
  7 electric eels
  7 crimson imps
  22 starcursed masses
  5 lava snakes (Lair:6)
  3 quasits
  An elf simulacrum (Abyss:3)
  A bullfrog skeleton (D:12)
  8 hounds
  4 human zombies (D:9)
  41 orc priests
  5 iron imps
  5 jellies
  Crazy Yiuf (D:5)
  Jessica (D:6)
  A human skeleton (D:9)
  3 iguanas
  10 worker ants
  21 orc wizards
  13 hell rats
  A hound skeleton (D:8)
  A mummy (D:9)
  Robin (D:3)
  A howler monkey zombie (D:8)
  2 worker ant zombies
  A howler monkey skeleton (D:7)
  14 adders
  14 gnolls
  3 shadow imps
  9 white imps
  8 ufetubi
  2 oozes
  An adder zombie (D:9)
  2 worms
  A dart slug (D:1)
  3 leopard geckos
  139 orcs
  A ball python (D:3)
  5 giant cockroaches
  10 goblins
  8 hobgoblins
  9 jackals
  11 quokkas
  6 bats
  4 frilled lizards
  29 kobolds
  An orc zombie (D:9)
  7 rats
  5 crawling corpses
  A lurking horror (Abyss:3)
  20 starspawn tentacles
  A tentacle (Shoals:4)
2808 creatures vanquished.

Vanquished Creatures (collateral kills)
  A death ooze (Slime:5)
1 creature vanquished.

Vanquished Creatures (others)
  A fire giant (Depths:3)
  A draconian knight (Depths:5)
  A deep elf knight (Elf:1)
  An unseen horror (shapeshifter) (Vaults:1)
  An orc sorcerer (Elf:1)
  2 fauns (Shoals:3)
  A ynoxinul (D:8)
  A neqoxec (Abyss:3)
  A naga (Snake:4)
  A hell hound (Lair:6)
  2 centaurs (Depths:2)
  3 demonic plants (WizLab)
  51 fungi
  A lurking horror (Abyss:1)
  148 plants
  39 starspawn tentacles
  5 tentacles (Shoals:4)
260 creatures vanquished.

Grand Total: 3069 creatures vanquished

Notes
Turn   | Place    | Note
-------+----------+-------------------------------------------
     0 | Abyss:1  | ew1980 the Minotaur Abyssal Knight began the quest for the
                  | Orb.
     0 | Abyss:1  | Reached XP level 1. HP: 19/19 MP: 1/1
    43 | Abyss:1  | Noticed a ynoxinul
    44 | D:1      | Escaped the Abyss
   499 | D:1      | Reached XP level 2. HP: 26/27 MP: 2/2
   677 | D:1      | Reached * piety under Lugonu
  1410 | D:2      | Reached XP level 3. HP: 33/33 MP: 3/3
  1765 | D:2      | Reached XP level 4. HP: 31/40 MP: 4/4
  2646 | D:3      | Reached XP level 5. HP: 32/46 MP: 6/6
  2843 | D:3      | Reached ** piety under Lugonu
  2963 | D:3      | Noticed Robin
  2975 | D:3      | Killed Robin
  3827 | D:4      | Reached XP level 6. HP: 19/55 MP: 7/7
  4076 | D:4      | Reached skill level 5 in Fighting
  4296 | D:4      | Found a staircase to the Ecumenical Temple.
  4306 | Temple   | Entered the Ecumenical Temple
  4694 | D:4      | Found a sparkling altar of Nemelex Xobeh.
  4954 | D:5      | Entered Level 5 of the Dungeon
  4957 | D:5      | Noticed Duvessa
  4966 | D:5      | Noticed Dowan
  5178 | D:5      | Reached XP level 7. HP: 41/61 MP: 8/8
  5222 | D:5      | Got a warped whip
  5224 | D:5      | Identified the cursed +0 whip of Leuqeume {vorpal, Dex+3}
                  | (You found it on level 5 of the Dungeon)
  5358 | D:5      | Noticed Edmund
  5381 | D:5      | Killed Edmund
  5579 | D:5      | Reached *** piety under Lugonu
  5592 | D:5      | Reached skill level 5 in Axes
  5592 | D:5      | Reached skill level 5 in Armour
  6146 | D:5      | Found a runed translucent door.
  6147 | D:5      | Noticed Crazy Yiuf
  6363 | D:5      | Killed Crazy Yiuf
  6526 | D:6      | Reached XP level 8. HP: 66/70 MP: 10/10
  6725 | D:6      | Reached skill level 5 in Dodging
  7292 | D:6      | Reached skill level 5 in Invocations
  7342 | D:6      | Noticed Jessica
  7351 | D:6      | Killed Jessica
  7357 | D:6      | Found a shimmering blue altar of Sif Muna.
  7570 | D:7      | Reached XP level 9. HP: 69/79 MP: 12/12
  7840 | D:7      | Found an ornate altar of the Wu Jian Council.
  7956 | D:7      | Found an opulent altar of Gozag.
  8040 | D:7      | Found a shadowy altar of Dithmenos.
  8275 | D:8      | Reached **** piety under Lugonu
  8540 | D:8      | Noticed a manticore
  8549 | D:8      | Killed a manticore
  8839 | D:8      | Noticed Psyche
  8844 | D:8      | Killed Psyche
  8870 | D:8      | Reached XP level 10. HP: 90/90 MP: 12/14
  9126 | D:9      | Noticed a two-headed ogre
  9134 | D:9      | Banished a two-headed ogre
  9135 | D:9      | Reached skill level 1 in Shields
  9819 | D:9      | Found an ancient bone altar of Kikubaaqudgha.
 10352 | D:4      | Killed Duvessa
 10359 | D:4      | Killed Dowan
 10477 | D:10     | Entered Level 10 of the Dungeon
 10492 | D:10     | Noticed a centaur warrior
 10538 | D:9      | Killed an unseen horror
 10734 | D:10     | Found a shimmering altar of Xom.
 10740 | D:10     | Got a bloodstained cloak
 10861 | D:9      | Identified the +0 cloak "Jypnyav" {Harm Int-2 Dex+4} (You
                  | found it on level 10 of the Dungeon)
 10876 | D:10     | Reached ***** piety under Lugonu
 10879 | D:10     | Reached XP level 11. HP: 93/99 MP: 15/15
 10925 | D:10     | Found a flagged portal.
 10940 | Bailey   | Entered a bailey
 10945 | Bailey   | Noticed an orc warlord
 10979 | Bailey   | Noticed an orc knight
 11003 | Bailey   | Killed an orc knight
 11004 | Bailey   | Reached skill level 10 in Fighting
 11109 | Bailey   | Found a runed translucent gate.
 11111 | Bailey   | Found a runed translucent gate.
 11114 | Bailey   | Found a runed translucent gate.
 11252 | Bailey   | Killed an orc warlord
 11253 | Bailey   | Reached skill level 5 in Shields
 11289 | Bailey   | Got a heavily runed bone amulet
 11403 | D:10     | Found a staircase to the Lair.
 11579 | D:10     | Reached skill level 10 in Armour
 11718 | D:10     | Reached skill level 10 in Axes
 11955 | D:10     | Noticed a two-headed ogre
 11960 | D:10     | Killed a centaur warrior
 11964 | D:10     | Killed a two-headed ogre
 12273 | Lair:1   | Entered Level 1 of the Lair of Beasts
 12819 | Lair:1   | Reached XP level 12. HP: 106/110 MP: 17/17
 13388 | Lair:1   | Reached XP level 13. HP: 116/116 MP: 19/19
 13389 | Lair:1   | Reached XP level 14. HP: 124/124 MP: 20/20
 14282 | Lair:3   | Reached ****** piety under Lugonu
 14721 | Lair:3   | Found a staircase to the Shoals.
 14759 | Lair:3   | Found a runed translucent gate.
 14759 | Lair:3   | Found a runed translucent gate.
 14759 | Lair:3   | Found a runed translucent gate.
 14759 | Lair:3   | Noticed jmmainvi's ghost (journeyman SpEn)
 15850 | Lair:4   | Reached skill level 10 in Invocations
 15899 | Lair:4   | Identified the amulet of Izaeroighi {Spirit rF+ Will++}
                  | (You found it in a bailey)
 16197 | Lair:4   | Found a staircase to the Snake Pit.
 18768 | Lair:5   | Reached XP level 15. HP: 134/134 MP: 21/21
 19229 | Lair:5   | Found a staircase to the Slime Pits.
 19268 | Lair:6   | Entered Level 6 of the Lair of Beasts
 20442 | Lair:6   | Noticed Rupert
 20461 | Lair:6   | Killed Rupert
 20462 | Lair:6   | Reached skill level 15 in Axes
 20847 | Lair:6   | Noticed Kirke
 20920 | Lair:6   | Found a large runed translucent door.
 20921 | Lair:6   | Found a large runed translucent door.
 21423 | Lair:6   | Killed Kirke
 21853 | D:11     | Found a runed translucent gate.
 21893 | D:11     | Found a runed translucent gate.
 21894 | D:11     | Found a runed translucent gate.
 21894 | D:11     | Identified the +4 dagger "Lafiren" {venom, rN+ Int+3}
 21894 | D:11     | Noticed om's ghost (novice MiBe)
 22356 | D:11     | Found a staircase to the Orcish Mines.
 22359 | D:11     | Noticed Harold
 22370 | D:11     | Killed Harold
 22817 | D:11     | Cast into level 1 of the Abyss (big kobold)
 22821 | Abyss:1  | Found a corrupted altar of Lugonu.
 22857 | D:11     | Escaped the Abyss
 22875 | D:11     | Killed om's ghost
 23161 | D:11     | Identified a scroll of acquirement
 23161 | D:11     | Acquired the +0 pair of boots of Impressiveness {rCorr
                  | Str-4 Int+2 SInv}
 23219 | D:12     | Found a hazy altar of Hepliaklqana.
 23496 | D:12     | Found a sparkling altar of Nemelex Xobeh.
 24432 | D:13     | Reached XP level 16. HP: 145/145 MP: 23/23
 24544 | D:13     | Found a frozen archway.
 24550 | IceCv    | Entered an ice cave
 25420 | IceCv    | Got a twitching wooden ring
 25572 | IceCv    | Identified the ring "Uzieryur" {rN+ Will+ rCorr} (You found
                  | it in an ice cave)
 25855 | D:13     | Found a roughly hewn altar of Beogh.
 26109 | D:13     | Identified the +5 trident of Xom {venom, *Rage rC+ Stlth+}
 27068 | D:13     | Found a gate to the Vaults.
 27149 | D:14     | Found a hide-covered altar of Uskayaw.
 27235 | D:14     | Found Xiyptug's Antique Armour Emporium.
 27289 | D:14     | Reached skill level 15 in Shields
 28397 | D:15     | Entered Level 15 of the Dungeon
 28727 | D:15     | Found a staircase to the Depths.
 29384 | D:15     | Reached skill level 15 in Fighting
 29538 | D:15     | Found a portal to a secret trove of treasure.
 29988 | D:10     | Acquired a +1 tower shield of protection
 30169 | Lair:3   | Killed jmmainvi's ghost
 30189 | Lair:3   | Got a faintly glowing broad axe
 30199 | Lair:3   | Identified the +11 broad axe of Calculation {vorpal, Str+4}
                  | (You found it on level 3 of the Lair of Beasts)
 30368 | Lair:5   | Reached skill level 15 in Armour
 30968 | D:14     | Bought slimy swamp dragon scales for 1540 gold pieces
 30968 | D:14     | Bought a masterwork chain mail for 266 gold pieces
 30969 | D:14     | Identified the +10 swamp dragon scales of Terror {rPois
                  | Dex+4} (You bought it in a shop on level 14 of the Dungeon)
 30970 | D:14     | Identified the +6 chain mail of Protective Custody {rF- rC+
                  | Will+ Str+4} (You bought it in a shop on level 14 of the
                  | Dungeon)
 31145 | Shoals:1 | Entered Level 1 of the Shoals
 31470 | Shoals:1 | Reached XP level 17. HP: 130/156 MP: 21/25
 31711 | Shoals:1 | You fall into a shaft and drop 1 floor!
 32910 | Shoals:1 | Noticed Roxanne
 32948 | Shoals:1 | Killed Roxanne
 34143 | Shoals:3 | Noticed Loidof's ghost (adept MiFi)
 34161 | Shoals:3 | Found a transporter.
 34162 | Shoals:3 | Found a transporter.
 34163 | Shoals:3 | Identified the +4 trident "Sarcophage" {flame, rN++ Str+3}
 34437 | Shoals:3 | Identified the +7 trident of Ygopso {flame, Stlth+}
 34450 | Shoals:3 | Found a bloodstained altar of Trog.
 34451 | Shoals:3 | Found the cursed +13 scythe of Curses {drain, *Curse}
 34836 | Shoals:4 | Entered Level 4 of the Shoals
 35604 | Shoals:4 | Got a barnacled rune of Zot
 35663 | Shoals:4 | Reached XP level 18. HP: 144/166 MP: 23/27
 36076 | Shoals:4 | Noticed Aizul
 36093 | Shoals:4 | Killed Aizul
 36121 | Shoals:4 | Identified the +4 hand axe of Prudence {chaos, rPois rF-
                  | Str+8 Int+3}
 36363 | Shoals:4 | Noticed Louise
 36388 | Shoals:4 | Killed Louise
 36979 | Snake:1  | Entered Level 1 of the Snake Pit
 37369 | Snake:1  | Found Ysaniq's Assorted Antiques.
 37382 | Snake:1  | Bought a potion of haste for 180 gold pieces
 37382 | Snake:1  | Bought a scroll of identify for 36 gold pieces
 38108 | Snake:1  | You fall into a shaft and drop 1 floor!
 40920 | Snake:3  | Reached XP level 19. HP: 145/177 MP: 24/28
 41521 | Snake:4  | Entered Level 4 of the Snake Pit
 41904 | Snake:4  | Noticed Donald
 41946 | Snake:4  | Killed Donald
 42220 | Snake:4  | Acquired a +0 pair of gloves of strength
 43379 | Snake:4  | Got a serpentine rune of Zot
 43990 | Vaults:1 | Entered Level 1 of the Vaults
 44728 | Vaults:1 | Reached XP level 20. HP: 189/189 MP: 29/29
 46028 | Orc:1    | Entered Level 1 of the Orcish Mines
 46110 | Orc:2    | Entered Level 2 of the Orcish Mines
 46199 | Orc:2    | Found a staircase to the Elven Halls.
 46317 | Orc:2    | Found a roughly hewn altar of Beogh.
 46592 | Orc:2    | Found Noixkua's Antique Weapon Shop.
 46657 | Orc:2    | Found Nothri's General Store.
 46669 | Orc:2    | Bought a scroll of teleportation for 48 gold pieces
 46669 | Orc:2    | Bought a scroll of teleportation for 48 gold pieces
 46669 | Orc:2    | Bought a potion of haste for 160 gold pieces
 46669 | Orc:2    | Bought a scroll of magic mapping for 56 gold pieces
 46674 | Orc:2    | Found Qudgh's General Store.
 46689 | Orc:2    | Bought a potion of might for 44 gold pieces
 46945 | Orc:2    | Found Fofarch's Weapon Boutique.
 46995 | Orc:2    | Found Esiomeigi's Weapon Shoppe.
 49672 | Vaults:3 | Found Reqyasec's Magic Scroll Shoppe.
 49679 | Vaults:3 | Bought a scroll of teleportation for 51 gold pieces
 49679 | Vaults:3 | Bought a scroll of teleportation for 51 gold pieces
 49801 | Vaults:3 | Found a staircase to the Crypt.
 50052 | Vaults:3 | Reached XP level 21. HP: 200/200 MP: 30/30
 50672 | Vaults:4 | Identified the Guide on Gliding Calling
 51262 | Vaults:4 | Found Jeetob's Weapon Boutique.
 52522 | Shoals:3 | Killed Loidof's ghost
 52525 | Shoals:3 | Reached skill level 10 in Dodging
 52971 | Depths:1 | Entered Level 1 of the Depths
 53065 | Depths:1 | Found a gateway to a bazaar.
 53145 | Bazaar   | Entered a bazaar
 53145 | Bazaar   | Found Nupped's Distillery.
 53145 | Bazaar   | Found Ceanimeok's Magic Scroll Shoppe.
 53145 | Bazaar   | Found Defoumel's Antique Weapon Shop.
 53145 | Bazaar   | Found Miduetz's Jewellery Shoppe.
 53147 | Bazaar   | Found Vuhuz's Assorted Antiques.
 53210 | Bazaar   | Bought an uncursed ring of protection from cold for 450
                  | gold pieces
 53210 | Bazaar   | Bought the amulet "Rueqaem" {Reflect rElec rC- rN+++ Will+
                  | SH+5 SInv} for 1220 gold pieces
 53227 | Bazaar   | Bought a scroll of summoning for 114 gold pieces
 53227 | Bazaar   | Bought a scroll of enchant armour for 90 gold pieces
 53232 | Bazaar   | Bought a potion of haste for 160 gold pieces
 53232 | Bazaar   | Bought a potion of heal wounds for 80 gold pieces
 53232 | Bazaar   | Bought a potion of might for 64 gold pieces
 53635 | Depths:1 | Found Givocor's Antique Armour Emporium.
 53680 | Depths:1 | Noticed the Enchantress
 53700 | Depths:1 | Cast into level 2 of the Abyss (the Enchantress)
 53816 | Abyss:2  | Paralysed by accursed screaming for 1 turns
 53827 | Depths:1 | Escaped the Abyss
 53845 | Depths:1 | Killed the Enchantress
 54646 | Depths:1 | Found a one-way gate leading to the halls of Pandemonium.
 54656 | Depths:1 | Gained mutation: You possess an exceptional clarity of
                  | mind. [a cacodemon]
 54713 | Depths:1 | Found Licejin's Serpentskin Sales.
 54953 | Depths:1 | Found Zyicho's Antique Armour Emporium.
 55021 | Depths:1 | Found Bearr's Antique Weapon Emporium.
 55106 | Depths:1 | Found Zazufaur's Gadget Shop.
 55218 | Depths:1 | Reached XP level 22. HP: 203/211 MP: 31/31
 55331 | Depths:1 | Found a gateway to Hell.
 55448 | Depths:2 | Noticed a juggernaut
 55478 | Depths:2 | Killed a juggernaut
 55554 | Depths:2 | Found a magical portal.
 55563 | WizLab   | Entered Lehudib's Moon Base
 55841 | WizLab   | Gained mutation: You are weak. (Str -2) [a neqoxec]
 56656 | WizLab   | Found a transporter.
 56997 | WizLab   | Found a transporter.
 57237 | WizLab   | Got a smoking ruby amulet
 57238 | WizLab   | Identified Kydolah's Disquisition on Unholy Rites
 57322 | WizLab   | Identified Lehudib's Tome of Earth and Confrontation
 57350 | WizLab   | Got a steaming chain mail
 57365 | Depths:2 | Identified the amulet "Biciug" {Regen+ Str+3} (You found it
                  | in a wizard's laboratory)
 57371 | Depths:2 | Identified the +8 chain mail "Kyes" {rPois Int+3 Dex+4}
                  | (You found it in a wizard's laboratory)
 57831 | Depths:2 | Found a gateway to a ziggurat.
 57886 | Depths:2 | Found Ipreur's Antique Armour Boutique.
 57890 | Depths:2 | Found Xiworop's Weapon Shop.
 57890 | Depths:2 | Found Quom's Antique Armour Boutique.
 57893 | Depths:2 | Found Cekhli's Weapon Shop.
 58223 | Depths:2 | Identified the Catalogue of Dislocated Sinister Secrets
 58660 | Depths:3 | Reached XP level 23. HP: 220/220 MP: 32/32
 59016 | Depths:3 | Noticed a caustic shrike
 59029 | Depths:3 | Killed a caustic shrike
 60672 | Depths:4 | Noticed Margery
 60684 | Depths:4 | Killed Margery
 60817 | Depths:4 | Gained mutation: Your magical capacity is low. (-10% MP) [a
                  | shining eye]
 60818 | Depths:4 | Found a one-way gate to the infinite horrors of the Abyss.
 60819 | Depths:4 | Gained mutation: You are frail. (-10% HP) [a shining eye]
 61147 | Depths:4 | Identified the ring of the Fiend {+Fly rF++ Will+ AC+4
                  | Str-4}
 61406 | Depths:4 | Identified the +3 great sword of Fortitude {vamp, +Inv
                  | rPois Dex+3}
 61503 | Depths:4 | Reached XP level 24. HP: 207/207 MP: 29/29
 61761 | Depths:4 | Noticed Xtahua
 61775 | Depths:4 | Killed Xtahua
 62222 | Depths:5 | Entered Level 5 of the Depths
 62842 | Depths:5 | Noticed Xaggyof's ghost (veteran MiFi)
 62998 | Depths:5 | Identified the Volume of Displaced Darkness
 63029 | Depths:5 | Found a transporter.
 63033 | Depths:5 | Noticed WeeknightWizard's ghost (veteran DEFE)
 63152 | Depths:5 | Found a transporter.
 63167 | Depths:5 | Reached skill level 1 in Evocations
 63816 | Depths:5 | Found a gate to the Realm of Zot.
 64396 | Elf:1    | Entered Level 1 of the Elven Halls
 64452 | Elf:1    | Found a ruined gateway.
 64461 | Desolati | Entered the Desolation of Salt
 64594 | Desolati | Reached skill level 15 in Dodging
 64658 | Desolati | Got a brightly glowing copper ring
 64666 | Desolati | Got a slimy lapis lazuli ring
 64674 | Desolati | Identified the Collected Works on Hexes and Ice
 64679 | Desolati | Identified the ring "Ybuckoax" {Ice rPois} (You found it in
                  | the Desolation of Salt)
 64680 | Desolati | Identified the ring "Qaroit" {Will+ AC+4 SInv Stlth-} (You
                  | found it in the Desolation of Salt)
 64718 | Desolati | Identified the Almanac of Necromancy
 64729 | Desolati | Got a pair of transparent gloves
 64731 | Desolati | Identified the +1 pair of gloves "Nikeat" {rN+} (You found
                  | it in the Desolation of Salt)
 64896 | Desolati | Got a steaming tin ring
 65171 | Desolati | Reached XP level 25. HP: 207/216 MP: 29/29
 65865 | Elf:1    | Identified the ring "Weawuul" {rElec Str+6 Dex+2} (You
                  | found it in the Desolation of Salt)
 65909 | Elf:2    | Reached skill level 5 in Evocations
 66169 | Elf:2    | Reached skill level 15 in Invocations
 66334 | Elf:2    | Found a runed translucent gate.
 66334 | Elf:2    | Found a runed translucent gate.
 66334 | Elf:2    | Found a runed translucent gate.
 67124 | Elf:3    | Entered Level 3 of the Elven Halls
 67347 | Elf:3    | Found the +5 robe of Night {Dark Will+ SInv}
 68694 | Elf:3    | Identified the +2 falchion of Massacring {vorpal, Fragile
                  | rC- Int+2 Dex+6}
 68927 | Elf:3    | Identified the Volume of Black Rituals and Creation
 69024 | Elf:3    | Identified Sif Muna's Catalogue of Calling and Battle Magic
 69529 | Depths:2 | Bought a jewelled hat for 243 gold pieces
 69531 | Depths:2 | Identified the +0 hat "Conyn" {Rampage *Corrode rElec
                  | rPois} (You bought it in a shop on level 2 of the Depths)
 69618 | Depths:1 | Bought a dazzling cloak for 266 gold pieces
 69620 | Depths:1 | Identified the +1 cloak of the Swan {Dex+2} (You bought it
                  | in a shop on level 1 of the Depths)
 70008 | Slime:1  | Entered Level 1 of the Pits of Slime
 70033 | Slime:1  | Gained mutation: You occasionally shout uncontrollably at
                  | your foes. [a shining eye]
 70034 | Slime:1  | Gained mutation: Armour fits poorly on your strangely
                  | shaped body. [a shining eye]
 70036 | Slime:1  | Gained mutation: Your magical capacity is very low. (-20%
                  | MP) [a shining eye]
 70039 | Slime:1  | Gained mutation: Potions are less effective at restoring
                  | your health. [a shining eye]
 70103 | Lair:5   | Lost mutation: You are weak. (Str -2) [potion of mutation]
 70103 | Lair:5   | Lost mutation: You occasionally shout uncontrollably at
                  | your foes. [potion of mutation]
 70103 | Lair:5   | Lost mutation: You possess an exceptional clarity of mind.
                  | [potion of mutation]
 70103 | Lair:5   | Gained mutation: You passively map a small area around you.
                  | [potion of mutation]
 70103 | Lair:5   | Gained mutation: You are partially covered in thin metallic
                  | scales. (AC +2) [potion of mutation]
 70103 | Lair:5   | Gained mutation: You have a pair of large horns on your
                  | head. [potion of mutation]
 70104 | Lair:5   | Lost mutation: Your magical capacity is very low. (-20% MP)
                  | [potion of mutation]
 70104 | Lair:5   | Lost mutation: You have a pair of large horns on your head.
                  | [potion of mutation]
 70104 | Lair:5   | Gained mutation: You are agile. (Dex +2) [potion of
                  | mutation]
 70104 | Lair:5   | Gained mutation: You are partially covered in icy blue
                  | scales. (AC +2) [potion of mutation]
 70126 | Lair:5   | Lost mutation: You are partially covered in thin metallic
                  | scales. (AC +2) [potion of mutation]
 70126 | Lair:5   | Lost mutation: Armour fits poorly on your strangely shaped
                  | body. [potion of mutation]
 70126 | Lair:5   | Gained mutation: Your flesh is heat resistant. (rF+)
                  | [potion of mutation]
 70126 | Lair:5   | Gained mutation: You are partially covered in yellow
                  | scales. (AC +2) [potion of mutation]
 70202 | Slime:2  | Gained mutation: Your body sometimes deteriorates upon
                  | taking damage. [a shining eye]
 70202 | Slime:2  | Lost mutation: Potions are less effective at restoring your
                  | health. [a shining eye]
 70204 | Slime:2  | Gained mutation: You tend to lose your temper in combat. [a
                  | shining eye]
 70205 | Slime:2  | Gained mutation: Scrolls take you a little longer to read.
                  | [a shining eye]
 70208 | Slime:2  | Gained mutation: Your spells are a little easier to cast,
                  | but a little less powerful. [a shining eye]
 70256 | Slime:2  | Lost mutation: You are agile. (Dex +2) [potion of mutation]
 70256 | Slime:2  | Lost mutation: Scrolls take you a little longer to read.
                  | [potion of mutation]
 70256 | Slime:2  | Gained mutation: You are strong-willed. (Will+) [potion of
                  | mutation]
 70256 | Slime:2  | Gained mutation: You are dopey. (Int -2) [potion of
                  | mutation]
 70256 | Slime:2  | Gained mutation: Your natural rate of healing is unusually
                  | fast. [potion of mutation]
 70257 | Slime:2  | Lost mutation: Your magical capacity is low. (-10% MP)
                  | [potion of mutation]
 70257 | Slime:2  | Lost mutation: Your flesh is heat resistant. (rF+) [potion
                  | of mutation]
 70257 | Slime:2  | Lost mutation: You are dopey. (Int -2) [potion of mutation]
 70257 | Slime:2  | Gained mutation: Your body often deteriorates upon taking
                  | damage. [potion of mutation]
 70257 | Slime:2  | Lost mutation: Your spells are a little easier to cast, but
                  | a little less powerful. [potion of mutation]
 70258 | Slime:2  | Lost mutation: You passively map a small area around you.
                  | [potion of mutation]
 70258 | Slime:2  | Lost mutation: Your body often deteriorates upon taking
                  | damage. [potion of mutation]
 70258 | Slime:2  | Lost mutation: You are strong-willed. (Will+) [potion of
                  | mutation]
 70258 | Slime:2  | Gained mutation: You expend magic power (3 MP) to
                  | strengthen your wands. [potion of mutation]
 70258 | Slime:2  | Gained mutation: Your skin changes colour to match your
                  | surroundings (Stealth+). [potion of mutation]
 70259 | Slime:2  | Lost mutation: You tend to lose your temper in combat.
                  | [potion of mutation]
 70259 | Slime:2  | Lost mutation: You are frail. (-10% HP) [potion of
                  | mutation]
 70259 | Slime:2  | Lost mutation: Your natural rate of healing is unusually
                  | fast. [potion of mutation]
 70259 | Slime:2  | Gained mutation: You are frail. (-10% HP) [potion of
                  | mutation]
 70259 | Slime:2  | Gained mutation: You evolve. [potion of mutation]
 70286 | Slime:2  | Gained mutation: You are clumsy. (Dex -2) [a shining eye]
 70420 | Slime:3  | Reached XP level 26. HP: 221/227 MP: 29/33
 70447 | Slime:3  | HP: 5/228 [large slime creature (14)]
 71007 | Slime:5  | Entered Level 5 of the Pits of Slime
 71439 | Slime:5  | Noticed the Royal Jelly
 71449 | Slime:5  | Killed the Royal Jelly
 71522 | Slime:5  | Found the cursed necklace of Bloodlust {*Rage +Rage Will++
                  | Int-3 Slay+6 *Curse}
 71765 | Slime:5  | Got a sparkling platinum ring
 71768 | Slime:5  | Identified the ring of Fikieshu {rF+ MP+9} (You found it on
                  | level 5 of the Pits of Slime)
 71775 | Slime:5  | Got a slimy rune of Zot
 71872 | Slime:5  | Identified the Almanac of Stones and Bewitchment
 71886 | Slime:5  | Got a crude spear
 71887 | Slime:5  | Identified the +5 spear of Tortfeasance {drain, rElec SInv}
                  | (You found it on level 5 of the Pits of Slime)
 72389 | Depths:4 | Voluntarily entered the Abyss.
 72433 | Abyss:1  | Noticed an ancient lich
 72444 | Abyss:1  | Killed an ancient lich
 73443 | Abyss:3  | Paralysed by you for 7 turns
 73751 | Abyss:3  | Gained mutation: Your spells are a little easier to cast,
                  | but a little less powerful. [a neqoxec]
 73769 | Abyss:3  | Gained mutation: Your magical capacity is low. (-10% MP) [a
                  | neqoxec]
 73803 | Abyss:3  | Got an abyssal rune of Zot
 73804 | Depths:4 | Escaped the Abyss
 73962 | Depths:4 | Lost mutation: Your spells are a little easier to cast, but
                  | a little less powerful. [potion of mutation]
 73962 | Depths:4 | Lost mutation: You are frail. (-10% HP) [potion of
                  | mutation]
 73962 | Depths:4 | Gained mutation: Your mind is acute. (Int +2) [potion of
                  | mutation]
 73962 | Depths:4 | Gained mutation: You have large cloven feet. [potion of
                  | mutation]
 74112 | Zot:1    | Entered Level 1 of the Realm of Zot
 74112 | Zot:1    | Found a transporter.
 74112 | Zot:1    | Noticed an ancient lich
 74545 | Zot:1    | Reached skill level 10 in Evocations
 74639 | Zot:1    | Reached XP level 27. HP: 255/264 MP: 30/30
 74725 | Zot:1    | Identified the ring "Juasihin" {rPois rF+++ Str-4 SInv
                  | Stlth+}
 74755 | Zot:1    | Found a radiant altar of Vehumet.
 75123 | Zot:1    | Noticed an orb of fire
 75128 | Zot:1    | Gained mutation: Scrolls take you a little longer to read.
                  | [an orb of fire]
 75135 | Zot:1    | Killed an orb of fire
 75943 | Zot:2    | Noticed an orb of fire
 75951 | Zot:2    | Gained mutation: Scrolls take you longer to read. [an orb
                  | of fire]
 75956 | Zot:2    | Lost mutation: Your body sometimes deteriorates upon taking
                  | damage. [an orb of fire]
 75957 | Zot:2    | Gained mutation: You tend to lose your temper in combat.
                  | [an orb of fire]
 75958 | Zot:2    | Killed an orb of fire
 76782 | Zot:3    | Noticed an orb of fire
 78263 | Zot:3    | Found a glowing silver altar of Zin.
 78746 | Zot:3    | Killed an orb of fire
 78915 | Zot:5    | Entered Level 5 of the Realm of Zot
 78932 | Zot:5    | Gained mutation: Your muscles are strong. (Str +2)
                  | [evolution]
 80487 | Zot:5    | Noticed an ancient lich
 80493 | Zot:5    | Noticed an orb of fire
 80500 | Zot:5    | Noticed an orb of fire
 80512 | Zot:5    | Gained mutation: Your body sometimes deteriorates upon
                  | taking damage. [an orb of fire]
 80512 | Zot:5    | Noticed an orb of fire
 80514 | Zot:4    | Gained mutation: You do not regenerate when monsters are
                  | visible. [an orb of fire]
 80533 | Zot:4    | Lost mutation: Your muscles are strong. (Str +2) [an orb of
                  | fire]
 80541 | Zot:4    | Killed an orb of fire
 80904 | Zot:4    | Killed an ancient lich
 80947 | Zot:5    | Gained mutation: You are very clumsy. (Dex -4) [an orb of
                  | fire]
 80957 | Zot:4    | Gained mutation: You often lose your temper in combat. [an
                  | orb of fire]
 80962 | Zot:4    | Killed an orb of fire
 81092 | Zot:5    | Gained mutation: Your spells are a little easier to cast,
                  | but a little less powerful. [an orb of fire]
 81101 | Zot:4    | Lost mutation: Your magical capacity is low. (-10% MP) [an
                  | orb of fire]
 81109 | Zot:4    | Killed an orb of fire
 81261 | Zot:5    | Noticed an ancient lich
 81428 | Zot:5    | Noticed an ancient lich
 81436 | Zot:5    | Killed an ancient lich
 81443 | Zot:5    | Killed an ancient lich
 81448 | Zot:5    | Noticed an ancient lich
 81469 | Zot:5    | Noticed an ancient lich
 81470 | Zot:5    | Killed an ancient lich
 81480 | Zot:5    | Killed an ancient lich
 81811 | Zot:5    | Acquired 1265 gold pieces
 82134 | D:15     | You paid a toll of 17 scrolls of teleportation to enter a
                  | treasure trove
 82135 | Trove    | Entered a treasure trove
 82167 | Trove    | Got a wavering platinum ring
 82169 | Trove    | Got a transparent platinum ring
 82221 | Trove    | Lost mutation: You often lose your temper in combat.
                  | [evolution]
 82248 | Trove    | Identified the ring "Jaweuph" {Ice +Blink rN+ Dex-5} (You
                  | found it in a treasure trove)
 82250 | Trove    | Identified the ring "Ometuafu" {Ice *Corrode rElec Int+3
                  | Dex+4} (You found it in a treasure trove)
 82931 | Zot:5    | Got the Orb of Zot
 83080 | Zot:1    | Identified the +2 cloak of Ennui {Rampage +Blink rCorr
                  | Stlth-}
 83140 | Depths:5 | Noticed an ancient lich
 83234 | Depths:1 | Lost mutation: Your mind is acute. (Int +2) [a neqoxec]
 83447 | D:6      | Noticed a seraph
 83581 | D:$      | Escaped with the Orb!

Illustrated notes

Levels and vault maps discovered:
D:1:      dpeg_cavernosity, layout_loops_ring,
          hangedman_abyss_or_decor_lesser_grid, minmay_misc_feat_pillars,
          lemuel_flame_loot_1
D:2:      layout_loops_ring
D:3:      layout_loops_ring, uniq_robin
D:4:      minmay_wonky_spiral, layout_rooms, minmay_temple_entry_poolview,
          nemelex_dance_club_becter
D:5:      layout_cave_pools, uniq_edmund, uniq_duvessa, uniq_crazy_yiuf_cottage
D:6:      layout_loops_ring, grunt_decor_fettered, tgw_sif
D:7:      layout_rooms, grunt_dithmenos_smoke_and_mirrors,
          hangedman_feature_mirror
D:8:      layout_cave_pools, uniq_psyche
D:9:      layout_long_grid, lemuel_mausoleum_altar_kikubaaqudgha
D:10:     layout_long_grid, minmay_lair_entry_grove, basic_altar, enter_bailey_2
D:11:     layout_basic, david_orc_1_choice, gammafunk_ghost_nasty_kobolds,
          uniq_harold
D:12:     minmay_box_of_statues, layout_irregular_city, basic_altar,
          minivault_27, nemelex_diamond_rough_becter
D:13:     layout_rooms, grunt_vaults_entry_fortified, gauntlet_entry_generic,
          portal_ice_cave_entry_pillars_1, special_room [special_room_orc]
D:14:     layout_irregular_city, serial_shops, shop, basic_altar,
          minmay_misc_feat_four_crosses
D:15:     grunt_enter_depths_giant_problem, layout_long_grid, enter_trove_1,
          serial_ice, serial_ice_o, serial_ice_g, serial_ice_e, serial_ice_a,
          serial_ice_m, serial_ice_d, minivault_26
Temple:   minmay_crystal_snake_temple
Lair:1:   layout_misc_corridors, chequers_serial_rivers_micro_c,
          serial_bayou_pond_b
Lair:2:   layout_roguey
Lair:3:   layout_regular_city, minmay_shoals_entry_centaurs,
          gammafunk_ghost_hydra_chop, serial_bayou, serial_bayou_pond_b,
          serial_bayou_lagoon_a, serial_bayou_pond_a, serial_bayou_lagoon_b,
          st_stairs_6
Lair:4:   onia_ninara_swampy_vault, layout_regular_city,
          chequers_serial_rivers_large_a, infiniplex_staircase_pool_2
Lair:5:   layout_regular_city, minmay_slime_entry_oklob_enclosed
Lair:6:   cheibrodos_lair_end_hotspot, layout_long_grid, uniq_rupert, uniq_kirke
Shoals:1: layout_shoals, uniq_roxanne
Shoals:2: layout_shoals, nicolae_shoals_aquamancer_cove
Shoals:3: layout_shoals, gammafunk_ghost_wrathful_warriors
Shoals:4: shoals_end_grunt_ice, layout_shoals, uniq_aizul, uniq_louise
Snake:1:  layout_basic, serial_shops, nicolae_shop_window_shopping
Snake:2:  layout_misc_corridors, grunt_ministairs_12, serial_bayou_shore_a
Snake:3:  layout_grid_shapes, drop_trap
Snake:4:  grunt_snake_rune_pools, layout_onion_interference, grunt_megastairs_1,
          uniq_donald
Slime:1:  layout_caves
Slime:2:  layout_caves
Slime:3:  layout_caves
Slime:4:  layout_caves
Slime:5
Orc:1:    layout_diamond_mine, abandoned_shop
Orc:2:    st_orc_town, layout_diamond_mine, serial_shops,
          nicolae_shop_waterfront
Elf:1:    eino_elf_arrival_the_gate, layout_rooms, portal_desolation_entry_salt,
          minivault_28
Elf:2:    layout_geoelf_grid
Elf:3:    minmay_elf_hall_hex, layout_geoelf_castle
Vaults:1: hangedman_vaults_capsules, dpeg_vaults_pockets_of_resistance,
          hangedman_vaults_maws, grunt_vaults_twisty, vaults_dpeg_hooks,
          hangedman_vaults_slither, nicolae_vaults_shelves_hall,
          nicolae_vaults_network_s, grunt_vaults_diagonal,
          hangedman_vaults_maws, ontoclasm_vaults_ring_large,
          ontoclasm_vaults_misaligned, layout_vaults_maze
Vaults:2: vaults_room_fancy_cross, nicolae_vaults_asterisk, v_misc_1,
          hangedman_vaults_unwind, v_misc_13, nicolae_vaults_triangles,
          vaults_room_door_ring, grunt_vaults_swirl, vaults_mumra_hex,
          v_misc_14, ontoclasm_vaults_twist, hangedman_vaults_trim,
          layout_vaults_omnicross
Vaults:3: minmay_crypt_entry_simple_sparse, hangedman_vaults_restitches,
          vaults_room_hangedman_quadrants, nicolae_vaults_little_squares_3,
          v_misc_29, vaults_room_large_hall, vaults_room_fancy_cross,
          nicolae_vaults_alarming, ontoclasm_vaults_hangar, layout_vaults_ring,
          serial_shops, shop_statue
Vaults:4: nicolae_vaults_what_the_h, hangedman_vaults_impose, v_misc_31,
          v_misc_27, vaults_room_semicircle, layout_vaults_omnigrid,
          serial_shops, shop
Depths:1: layout_gridville, hellmouth_1, serial_shops, bzr_entry_gold, shop,
          nicolae_shop_trees, nicolae_shop_stone, kennysheep_little_box,
          grunt_pan_entry_in_and_out, kennysheep_another_room,
          guppyfry_shop_venom, uniq_enchantress
Depths:2: minmay_stepped, layout_gridlike, enter_ziggurat_a, hell_entry,
          minmay_misc_feat_five, infiniplex_enter_wizlab_glasses,
          infiniplex_staircase_zigzag_1, minmay_shoptagon, grunt_megastairs_2
Depths:3: minmay_the_grid_net [minmay_the_grid_large_cup, minmay_the_grid_box_x,
          minmay_the_grid_tiny_cups, minmay_the_grid_broken_lines,
          minmay_the_grid_medium_cups,
          minmay_the_grid_prize_four_corners_diamond_a], layout_honeycomb,
          grunt_pan_entry_spiral, hell_entry, kilobyte_rumbling_trees
Depths:4: minmay_tile_spiral, layout_gridlike, grunt_metal_band, abyss_entry,
          chequers_serial_rivers_small_b, grunt_megastairs_3,
          minmay_staircase_windowed_small, uniq_xtahua
Depths:5: evilmike_zot_entry_round, layout_twisted_cross, nzn_ghost_randoct,
          abyss_entry, amcnicky_mini_pool_small, grunt_hell_entry_dis_grunt
Zot:1:    gammafunk_sealed_library, layout_cellular_growth
Zot:2:    layout_twisted_circle, skrybe_zot_glass_1
Zot:3:    layout_gridville, basic_altar, evilmike_ambush
          [evilmike_ambush_outer_pillars, evilmike_ambush_inner_basic]
Zot:4:    layout_twisted_circle, lemuel_elevator
Zot:5:    layout_onion, hangedman_zot_decor_slant, st_stairs_2

Skill      XL: |  1  2  3  4  5  6  7  8  9 10 11 12 13 14 15 16 17 18 19 20 21 22 23 24 25 26 27 |
---------------+----------------------------------------------------------------------------------+-----
Invocations    | 2 3 4 5 6 7 9 10 11 12 13 14 15 17 19 | 19.8
Fighting       | 4 5 6 7 8 9 11 12 13 15 16 17 18 19 20 21 22 23 24 26 | 26.9
Axes           | 3 4 5 6 8 9 10 11 13 14 15 16 17 18 19 20 | 20.0
Armour         | 3 4 5 6 8 9 10 11 12 13 15 16 17 18 19 20 21 22 23 24 26 | 26.8
Dodging        | 2 3 4 5 7 8 10 12 13 15 16 17 20 | 20.8
Shields        | 4 7 12 13 14 15 16 18 19 20 21 23 24 25 | 25.0
Evocations     | 4 7 10 | 10.0

Action                   |  1- 3 |  4- 6 |  7- 9 | 10-12 | 13-15 | 16-18 | 19-21 | 22-24 | 25-27 || total
-------------------------+-------+-------+-------+-------+-------+-------+-------+-------+-------++-------
Melee: Hand axe          |    71 |   239 |    41 |       |       |       |       |       |       ||   351
       Headbutt          |     6 |    30 |    62 |   108 |   308 |   413 |   428 |   385 |   578 ||  2318
       Flail             |       |       |    70 |       |       |       |       |       |       ||    70
       Whip              |       |       |     7 |       |       |       |       |       |       ||     7
       War axe           |       |       |   185 |   443 |  1020 |   663 |       |       |       ||  2311
       Broad axe         |       |       |       |       |       |  1019 |  1370 |  1163 |  1831 ||  5383
Throw: Dart              |       |       |     2 |     6 |       |    11 |       |       |       ||    19
       Javelin           |       |       |       |       |       |     2 |       |       |     1 ||     3
Invok: Depart the Abyss  |     1 |       |       |       |     1 |       |     1 |       |     1 ||     4
       Banish            |       |       |       |     3 |       |     1 |       |       |       ||     4
 Abil: Stop Flying       |       |       |       |       |       |       |       |       |     1 ||     1
       Evoke Flight      |       |       |       |       |       |       |       |       |     1 ||     1
Evoke: Wand              |       |       |       |       |     1 |       |       |       |    18 ||    19
       Phantom mirror    |       |       |       |       |       |       |       |       |     1 ||     1
  Use: Scroll            |       |    10 |    11 |     7 |    11 |    10 |     5 |    12 |    20 ||    86
       Potion            |       |       |       |     1 |     2 |     2 |       |       |    17 ||    22
 Stab: Distracted        |       |       |       |       |     1 |     1 |       |     1 |       ||     3
       Paralysed         |       |       |       |       |       |       |       |       |     1 ||     1
Armor: Leather armour    |    11 |       |       |       |       |       |       |       |       ||    11
       Plate armour      |    17 |   187 |   189 |   216 |   465 |   239 |       |       |       ||  1313
       Swamp dragon scal |       |       |       |       |       |   401 |   273 |    24 |       ||   698
       Chain mail        |       |       |       |       |       |       |       |    48 |       ||    48
       Gold dragon scale |       |       |       |       |       |       |       |   136 |   507 ||   643
Dodge: Dodged            |    36 |    71 |   107 |    84 |   313 |   538 |   310 |   216 |   461 ||  2136
Block: Other             |       |       |    70 |     1 |       |       |       |       |       ||    71
       Reflection        |       |       |     3 |    47 |     4 |       |     4 |    76 |   130 ||   264
       Kite shield       |       |       |       |   334 |   687 |   222 |       |       |       ||  1243
       Tower shield      |       |       |       |       |       |  1620 |  1445 |  1249 |  2315 ||  6629
